 Dungeon Crawl Stone Soup version 0.29-a0-243-g602b31c20e (webtiles) character file.

Game seed: 9005160338793381885

0 spaghetti the Sneak (level 1, -3/16 (18) HPs)
             Began as a Demigod Delver on Mar 4, 2022.
             Slain by an orc
             ... wielding a +0 trident
              (7 damage)
             ... on level 6 of the Dungeon.
             The game lasted 00:00:49 (81 turns).

spaghetti the Sneak (Demigod Delver)                  Turns: 81, Time: 00:00:50

HP:   -3/16 (18)    AC:  3    Str: 13    XL:     1   Next: 0%
MP:   3/3           EV: 11    Int: 12    God:
Gold: 0             SH:  0    Dex: 15    Spells: 0/0 levels left

rFire   . . .      SeeInvis .     - Unarmed
rCold   . . .      Faith    .   (no shield)
rNeg    . . .      Spirit   .   a - +0 leather armour
rPois   .          Reflect  .   (no helmet)
rElec   .          Harm     .   (no cloak)
rCorr   .          Rampage  .   (no gloves)
Will    .....                   (no boots)
Stlth   +++.......              (no amulet)
HPRegen 0.05/turn               (no ring)
MPRegen 0.08/turn               (no ring)

@: hasted, heavily drained, very quick
A: high MP 1, forlorn, divine attributes
a: no special abilities


You were on level 6 of the Dungeon.
You visited 1 branch of the dungeon, and saw 3 of its levels.


Innate Abilities, Weirdness & Mutations

You have an increased reservoir of magic. (+10% MP)
You shall have no god before yourself.
Your divine heritage dramatically boosts your attributes as you level up.


   Skills:
 - Level 2.6 Fighting
 - Level 1.7 Dodging
 - Level 4.5 Stealth
 + Level 1.7 Unarmed Combat


You couldn't memorise any spells.
You didn't know any spells.
Your spell library was empty.

Inventory:

Hand Weapons
 g - a +0 long sword {long}
   (You found it on level 5 of the Dungeon)
Armour
 a - a +0 leather armour (worn)
Jewellery
 i - the ring of Fiwiyw {Ice *Corrode rPois Int+6 Stlth+}
   (You found it on level 5 of the Dungeon)

   [ring of ice]

   It enhances your ice magic.
   Int:       It affects your intelligence (+6).
   rF:        It makes you vulnerable to fire.
   rC:        It protects you from cold.
   rPois:     It protects you from poison.
   *Corrode:  It may corrode you when you take damage.
   Stlth:     It makes you more stealthy.
Wands
 f - a wand of digging (3)
Scrolls
 b - a scroll of fog
 c - a scroll of magic mapping {!r}
 d - a scroll of fear
 h - a scroll of identify {unknown}

Dungeon Overview and Level Annotations

Branches:
Dungeon (7/15)
 Temple: D:4-7

Annotations:
D:6 Eustachio, Grinder

#...#.#
###...#.#
#.......#
.......#
......
#...##
###o...###
+..@oo...#
####o..#)#
##.## ##


You could see an orc priest and 3 orcs.


Message History

🤖 Initializing magus.rc ...
Options error: Delay interrupt name "hungry" not recognised. (~/.crawlrc:4761) Options error: Bad monster_list_colour key: strict_neutral (~/.crawlrc:4776) ✅ Successfully initialized magus.rc [v1.9.6] Welcome, spaghetti the Demigod Delver.
The heart of this dungeon contains the terrific artefact, the Orb of Zot.
Press ? for a list of commands and other information.
Found a scroll labelled RUFYTR TINELUU, a long sword and a warped silver ring.
Found a stone staircase leading down.
g - a +0 long sword {long}
There is a stone staircase leading down here.
h - a scroll labelled RUFYTR TINELUU
i - the ring of Fiwiyw {Ice *Corrode rPois Int+6 Stlth+} An orc comes into view.
It is wielding a +0 falchion.
The orc shouts!
There is a stone staircase leading down here.
You can't go up here!
You climb downwards.
Eustachio shouts!
There is a stone staircase leading up here.
Okay, then.
You climb upwards.
There is a stone staircase leading down here.
An orc is nearby!
Found a stone staircase leading down.
There is a stone staircase leading down here.
There is a stone staircase leading down here.
You climb downwards.
Level annotation: Eustachio Grinder shouts!
Grinder gestures at you.
You barely resist.
Found an escape hatch in the floor.
There is a stone staircase leading up here.
Unknown command.
A hound comes into view.
There is an escape hatch in the floor here.
Grinder blinks!
You slide downwards.
The hatch slams shut behind you.
Unknown command.
Unknown command.
You can't see any enemies this would affect, really read the scroll of fear?
Okay, then.
Okay, then.
You enter the shallow water.
Moving in this stuff is going to be slow.
You open the door. The necrophage hits you.
You feel drained. 😕 HP[-4]
You now have 17 max hp (-1).
You take 4 damage, and now have 14/17 hp.
MASSIVE DAMAGE!! (PAUSE)
You feel yourself speed up. The necrophage hits you.
* * * LOW HITPOINT WARNING * * *
You feel drained.
* * * LOW HITPOINT WARNING * * *
😨 HP[-7]
You now have 16 max hp (-1).
You take 7 damage, and now have 7/16 hp.
MASSIVE DAMAGE!! (PAUSE) Unknown command.
There is an open door here.
As you close the door, it creaks loudly!
A necrophage opens the door.
You see here a +0 ring mail.
Found an escape hatch in the ceiling. 😨 HP[+1]
Found a stone staircase leading up.
There is an escape hatch in the ceiling here.
A mysterious force pulls you upwards. The hatch slams shut behind you.
Level annotation: Eustachio, Grinder The orc shouts!
The orc priest shouts!
The orc shouts!
The orc closely misses you.
The orc priest hits you with a +0 short sword.
* * * LOW HITPOINT WARNING * * *
😱 HP[-4]
You take 4 damage, and now have 4/16 hp.
MASSIVE DAMAGE!! (PAUSE)
You aren't carrying any potions.
The orc hits you with a +0 trident!
You die...

Action                   || total
-------------------------++-------
  Use: Potion            ||     1
Dodge: Dodged            ||     1

Levels and vault maps discovered:
D:5:      layout_loops_ring, serial_bayou_lagoon_a, uniq_pikel
D:6:      layout_loops_corners, grunt_temple_overflow_opulence, serial_shops,
          nicolae_shop_trees, shop, nicolae_shop_bloodbath_and_beyond, shop,
          kennysheep_little_box, uniq_eustachio, uniq_grinder, uniq_duvessa
D:7:      cheibrodos_fzero, layout_loops_ring,
          nicolae_uskayaw_murder_on_the_dancefloor,
          gammafunk_temple_overflow_claw, minmay_temple_entry_fiery,
          ebering_ghost_gozag, kennysheep_small_spiral

Notes
Turn   | Place    | Note
-------+----------+-------------------------------------------
     0 | D:5      | spaghetti the Demigod Delver began the quest for the Orb.
     0 | D:5      | Reached XP level 1. HP: 18/18 MP: 3/3
     0 | D:5      | magus.rc [v1.9.6]
    12 | D:5      | Identified the ring of Fiwiyw {Ice *Corrode rPois Int+6
                  | Stlth+}
    29 | D:6      | Noticed Eustachio
    46 | D:6      | Noticed Grinder
    47 | D:6      | Noticed a hound
    49 | D:7      | Noticed a necrophage
    80 | D:6      | Noticed an orc priest
    80 | D:6      | HP: 4/16 [orc priest/+0 short sword (4)]
    81 | D:6      | Slain by an orc

Vanquished Creatures (others)
  A plant (D:5)
1 creature vanquished.

Table legend:
 A = Non-vault XP
 B = Vault XP
 C = Vault XP percentage of total XP
 D = Non-vault monster count
 E = Vault monster count
 F = Vault count percentage of total count
                 A         B        C        D         E       F
            +---------+---------+-------+---------+---------+-------
      Total |       0 |       0 |   N/A |       0 |       0 |  -nan
            +---------+---------+-------+---------+---------+-------
            +---------+---------+-------+---------+---------+-------

Illustrated notes

Table legend: (Time is in decaauts)
 A = Elapsed time spent in this place.
 B = Non-inter-level travel time spent in this place.
 C = Inter-level travel time spent in this place.
 D = Time resting spent in this place.
 E = Time spent auto-exploring this place.
 F = Levels seen in this place.
 G = Mean time per level.
                   A        B        C        D        E       F      G
               +--------+--------+--------+--------+--------+-----+--------+
         Total |     74 |     74 |      0 |      0 |     18 |   3 |   24.7 |
       Dungeon |     74 |     74 |      0 |      0 |     18 |   3 |   24.7 |
               +--------+--------+--------+--------+--------+-----+--------+

Top non-repeatable levels by time:
     D:5: 44 daAuts
     D:7: 23 daAuts
     D:6: 6 daAuts
